 Dungeon Crawl Stone Soup version 0.25-a0-277-g7046ed1b37 (webtiles) character file.

Game seed: 4731613593197036336, levelgen mode: deterministic

1670 MoonlitKnight the Archer (level 8, 0/71 HPs)
             Began as a Centaur Hunter on Dec 8, 2019.
             Shot with an arrow by a centaur (12 damage)
             ... on level 6 of the Dungeon.
             The game lasted 00:20:00 (6440 turns).

MoonlitKnight the Archer (Centaur Hunter)           Turns: 6440, Time: 00:20:01

Health: 0/71       AC:  7    Str: 16    XL:     8   Next: 70%
Magic:  8/8        EV:  9    Int: 10    God:
Gold:   307        SH:  0    Dex: 14    Spells: 7/7 levels left

rFire    + . .     SeeInvis .   a - +2 shortbow
rCold    x . .     Gourm    .   (shield currently unavailable)
rNeg     . . .     Faith    .   G - +2 ring mail {MR+}
rPois    .         Spirit   .   (no helmet)
rElec    .         Reflect  .   (no cloak)
rCorr    .         Harm     +   (no gloves)
MR       +....                  (no barding)
Stlth    ..........             n - amulet of harm
HPRegen  0.21/turn              D - ring of fire
MPRegen  0.11/turn              k - +3 ring of dexterity

@: very quick
A: large, hooves 3, deformed body, speed 2, tough skin 3
a: no special abilities


You were on level 6 of the Dungeon.
You were not hungry.

You visited 1 branch of the dungeon, and saw 6 of its levels.

You collected 307 gold pieces.

Inventory:

Hand Weapons
 a - a +2 shortbow (weapon)
 b - a +2 dagger of speed
 A - a +0 short sword
Missiles
 d - 4 arrows (quivered)
Armour
 c - a +0 leather armour
 G - a +2 ring mail of magic resistance (worn)
Jewellery
 g - a +3 ring of intelligence
 k - a +3 ring of dexterity (right hand)
 n - an amulet of harm (around neck)
 s - a +6 amulet of reflection
 D - a ring of fire (left hand)
 F - the amulet "Jeluebes" {Reflect rC+ Str+3 SH+3, unknown}
   (You found it on level 6 of the Dungeon)

   [amulet of reflection]

   It shields you and reflects attacks.
   It affects your strength (+3).
   It protects you from cold.
   It affects your SH (+3).
Wands
 q - a wand of flame (26)
Scrolls
 h - 2 scrolls of amnesia
 i - 2 scrolls of teleportation
 j - a scroll of identify
 l - a scroll of enchant armour {unknown}
 t - 2 scrolls of fear {unknown}
 u - a scroll of enchant weapon
 y - 2 scrolls of remove curse
 z - a scroll of immolation {unknown}
 H - a scroll of random uselessness {unknown}
Potions
 e - 3 potions of curing
 m - a potion of agility
 o - a potion of berserk rage
 p - a potion of cancellation
 r - a potion of flight
 v - a potion of ambrosia {unknown}
 w - a potion of resistance {unknown}
 x - 3 potions of degeneration
 B - a potion of mutation {unknown}
 C - a potion of haste {unknown}
Comestibles
 f - 16 rations
 E - 3 chunks of flesh


   Skills:
 + Level 6.4 Fighting
 * Level 12.2 Bows
 - Level 2.0 Armour
 - Level 1.3 Dodging
 - Level 0.4 Stealth


You had 7 spell levels left.
You didn't know any spells.
Your spell library contained the following spells:

 Spells                   Type           Power        Failure   Level  Hunger
 Corona                   Hex            #......      56%         1    ##.....
 Ensorcelled Hibernation  Hex/Ice        #.....       71%         2    ###....
 Confuse                  Hex            #.......     91%         3    ####...
 Dazzling Flash           Conj/Hex       #.....       91%         3    ####...
 Tukima's Dance           Hex            #.......     91%         3    ####...


Dungeon Overview and Level Annotations

Branches:
Dungeon (6/15)             Temple (0/1) D:6

Altars:
Ashenzari
Cheibriados
Hepliaklqana
Makhleb
Ru
Sif Muna
Wu Jian
Zin

Annotations:
D:2 1 runed translucent door, Crazy Yiuf
D:5 Sigmund


Innate Abilities, Weirdness & Mutations

You have hooves in place of feet.
Armour fits poorly on your strangely shaped body.
You cover ground very quickly.
You have extremely tough skin. (AC +3)


Message History

The centaur shoots an arrow.
The arrow hits you.
You see here 5 arrows.
d - 5 arrows The centaur shoots an arrow.
The arrow hits you!
* * * LOW HITPOINT WARNING * * *
Firing (i - inventory)
d - 5 arrows (quivered)
Press: ? - help, Shift-Dir - straight line, f/p - centaur
Aim: a centaur, wielding a +0 shortbow and quivering 11 arrows (almost dead)
You shoot an arrow.
The arrow hits the centaur but does no damage.
The centaur is almost dead.
The centaur shoots an arrow.
The arrow hits you.
* * * LOW HITPOINT WARNING * * *
The centaur shoots an arrow.
The arrow hits you.
* * * LOW HITPOINT WARNING * * *
You see here an arrow.
You feel magically purged.
You feel better.
The centaur shoots an arrow.
The arrow hits you!
You die...

#..# #.....# #..
#).###########.###.# #..
#..............# #.# #..
#.############.# #.# #..
#...........(^.###.# #..
(..#.#########...........#
#..
5..?c.5c(....c(......#####
#..
.....#########(#......#
#.. ... #....@.....#.# #..
. ##.##<.....#.#######..
##...##.)...........#..
#.._..#..##.#..........
#.8.8.#####.########.##
###'### #........<..#
#...# ###########.# #...#
#####.. #โ‰ˆโ‰ˆโ‰ˆ#
#..รท.).


You could see a centaur.

Vanquished Creatures
  Menkaure (D:5)
  Edmund (D:6)
  A sky beast (D:6)
  A phantom (D:6)
  4 ogres
  A centaur (D:6)
  2 crimson imps
  A centaur zombie (D:5)
  A bullfrog zombie (D:5)
  A hound (D:6)
  7 orc wizards
  2 bullfrog skeletons
  An iron imp (D:6)
  7 worker ants
  A hound zombie (D:5)
  2 hound skeletons (D:5)
  7 adders
  A shadow imp (D:5)
  An adder zombie (D:6)
  An adder skeleton (D:5)
  A worm (D:4)
  4 dart slugs
  3 leopard geckos
  10 orcs
  3 giant cockroaches
  5 goblins
  9 hobgoblins
  21 jackals
  3 kobolds
  2 ball pythons (D:2)
  5 bats
  6 frilled lizards
  2 giant cockroach zombies (D:5)
  2 leopard gecko skeletons
  A quokka zombie (D:5)
  5 rats
  A withered plant (D:5)
127 creatures vanquished.

Notes
Turn   | Place    | Note
-------+----------+-------------------------------------------
     0 | D:1      | MoonlitKnight the Centaur Hunter began the quest for the
                  | Orb.
     0 | D:1      | Reached XP level 1. HP: 17/17 MP: 1/1
   304 | D:1      | Reached XP level 2. HP: 24/24 MP: 2/2
   439 | D:1      | Reached skill level 6 in Bows
  1085 | D:2      | Reached XP level 3. HP: 30/30 MP: 3/3
  1212 | D:2      | Found a runed translucent door.
  1213 | D:2      | Noticed Crazy Yiuf
  1238 | D:2      | You fall into a shaft and drop 1 floor!
  1351 | D:3      | Found an ornate altar of the Wu Jian Council.
  1631 | D:3      | Reached XP level 4. HP: 30/37 MP: 4/4
  2126 | D:2      | Reached skill level 7 in Bows
  2868 | D:4      | Reached XP level 5. HP: 44/45 MP: 5/5
  3305 | D:4      | Found a burning altar of Makhleb.
  3307 | D:4      | Noticed a blizzard demon
  3327 | D:4      | Found a shattered altar of Ashenzari.
  3359 | D:4      | Reached skill level 8 in Bows
  3701 | D:4      | Reached XP level 6. HP: 52/52 MP: 6/6
  4040 | D:5      | Entered Level 5 of the Dungeon
  4059 | D:5      | Reached skill level 9 in Bows
  4549 | D:5      | Reached XP level 7. HP: 41/60 MP: 7/7
  4941 | D:5      | Found the +9 staff of Wucad Mu {channel}
  4987 | D:5      | Noticed Menkaure
  4989 | D:5      | Reached skill level 10 in Bows
  5571 | D:5      | Found a hazy altar of Hepliaklqana.
  5571 | D:5      | Noticed Sigmund
  5600 | D:5      | Killed Menkaure
  5600 | D:5      | Reached skill level 5 in Fighting
  5638 | D:5      | Reached skill level 1 in Armour
  5803 | D:5      | Found a glowing silver altar of Zin.
  5862 | D:6      | Found a sacrificial altar of Ru.
  5951 | D:6      | Found a staircase to the Ecumenical Temple.
  5955 | D:6      | Got a sparkling garnet amulet
  6014 | D:6      | Reached XP level 8. HP: 69/69 MP: 8/8
  6014 | D:6      | Noticed Edmund
  6023 | D:6      | Killed Edmund
  6023 | D:6      | Reached skill level 11 in Bows
  6255 | D:6      | Found a snail-covered altar of Cheibriados.
  6382 | D:6      | Found a shimmering blue altar of Sif Muna.
  6391 | D:6      | Reached skill level 12 in Bows
  6440 | D:6      | Shot with an arrow by a centaur

Levels and vault maps discovered:
D:1:      matt_arrival_spirals, layout_loops_ring, minmay_pentomino_w2
D:2:      layout_basic, first_ration, uniq_crazy_yiuf_cottage
D:3:      layout_rooms, lemuel_crystal_altar
D:4:      minmay_angry_zag, layout_gridville, makhleb_altar_promises_db,
          kennysheep_cluttered_room, hex_large, minmay_misc_feat_diagonals,
          cheibrodos_ashenzari_chains
D:5:      layout_basic, nicolae_overflow_hidden_temple, serial_undead,
          serial_undead_d, serial_undead_b, serial_undead_b, serial_undead_c,
          serial_undead_c, uniq_sigmund, uniq_menkaure
D:6:      layout_basic, led_sif_book, gammafunk_temple_overflow_arena,
          slow_altar_2, nicolae_ru_the_path_less_chosen,
          minmay_temple_entry_antechambers, minmay_strange_pillars,
          grunt_decor_one_mirror, uniq_edmund

Skill      XL: |  1  2  3  4  5  6  7  8 |
---------------+-------------------------+-----
Bows           | 6 7 8 9 10 12 | 12.2
Fighting       | 3 4 5 6 |  6.4
Armour         | 1 2 |  2.0
Dodging        | |  1.3
Stealth        | |  0.4

Action                   |  1- 3 |  4- 6 |  7- 9 || total
-------------------------+-------+-------+-------++-------
Melee: Short sword       |    10 |       |       ||    10
       Kick              |     2 |       |    14 ||    16
       Dagger            |       |       |    26 ||    26
 Fire: Shortbow          |   103 |   229 |   161 ||   493
  Use: Scroll            |       |    11 |       ||    11
       Potion            |       |       |     2 ||     2
  Eat: Chunk             |     1 |     6 |     2 ||     9
       Ration            |       |       |     1 ||     1
Armor: Leather armour    |    21 |    20 |     9 ||    50
Dodge: Dodged            |    22 |    30 |    14 ||    66
Block: Other             |       |    20 |     5 ||    25
       Reflection        |       |     1 |       ||     1

Table legend:
 A = Non-vault XP
 B = Vault XP
 C = Vault XP percentage of total XP
 D = Non-vault monster count
 E = Vault monster count
 F = Vault count percentage of total count
                 A         B        C        D         E       F
            +---------+---------+-------+---------+---------+-------
      Total |    1810 |     577 |  24.2 |     112 |      14 |  11.1
            +---------+---------+-------+---------+---------+-------
        D:1 |      35 |       2 |   5.4 |      19 |       1 |   5.0
        D:2 |      68 |       0 |   0.0 |      18 |       0 |   0.0
        D:3 |      52 |       0 |   0.0 |      10 |       0 |   0.0
        D:4 |     343 |       8 |   2.3 |      20 |       2 |   9.1
        D:5 |     393 |     297 |  43.0 |      28 |       7 |  20.0
        D:6 |     919 |     270 |  22.7 |      17 |       4 |  19.0
            +---------+---------+-------+---------+---------+-------
